 Dungeon Crawl Stone Soup version 0.28.0-53-g5a82cb258f (webtiles) character file.

Game seed: 14523170362477937274

557 Peloso the Slasher (level 7, -2/61 HPs)
             Began as a Minotaur Fighter on July 24, 2022.
             Succumbed to a gnoll's poison
             ... on level 4 of the Dungeon.
             The game lasted 00:06:55 (3892 turns).

Peloso the Slasher (Minotaur Fighter)               Turns: 3892, Time: 00:06:55

Health: -2/61      AC: 11    Str: 21    XL:     7   Next: 9%
Magic:  6/6        EV:  8    Int:  5    God:
Gold:   51         SH:  5    Dex: 11    Spells: 6/6 levels left

rFire   . . .      SeeInvis +   a - +0 long sword
rCold   . . .      Faith    .   c - +0 buckler
rNeg    . . .      Spirit   .   m - +0 chain mail
rPois   .          Reflect  .   (helmet restricted)
rElec   .          Harm     .   (no cloak)
rCorr   .          Rampage  .   (no gloves)
Will    .....                   f - +0 pair of boots
Stlth   ..........              (no amulet)
HPRegen 0.20/turn               l - ring of see invisible
MPRegen 0.10/turn               (no ring)

@: lethally poisoned (-2 -> -30)
A: horns 2, retaliatory headbutt
a: no special abilities


You were on level 4 of the Dungeon.
You visited 1 branch of the dungeon, and saw 5 of its levels.

You collected 158 gold pieces.
You spent 107 gold pieces at shops.

Inventory:

Hand Weapons
 a - a +0 long sword (weapon)
Armour
 b - a +0 scale mail
 c - a +0 buckler (worn)
 f - a +0 pair of boots (worn)
 m - a +0 chain mail (worn)
Jewellery
 l - a ring of see invisible (left hand)
Scrolls
 e - a scroll of summoning {unknown}
 g - 2 scrolls of fear {unknown}
 h - 4 scrolls of identify {unknown}
 k - a scroll of blinking {unknown}
 n - 2 scrolls of enchant armour {unknown}
 o - a scroll of teleportation {unknown}
 q - a scroll of noise {unknown}
 r - a scroll of magic mapping {unknown}
Potions
 d - a potion of might
 i - a potion of flight {unknown}
 p - a potion of brilliance {unknown}


   Skills:
 + Level 5.2 Fighting
 + Level 5.7 Long Blades
 + Level 5.6 Armour
 + Level 1.4 Dodging
 + Level 0.1 Stealth
 + Level 5.4 Shields


You had 6 spell levels left.
You didn't know any spells.
Your spell library contained the following spells:

 Spells                   Type           Power      Damage    Failure   Level
 Static Discharge         Conj/Air       0%         N/A       100%        2
 Confusing Touch          Hex            0%         N/A       100%        3
 Dispel Undead            Necr           0%         3d6       100%        4
 Sticky Flame             Conj/Fire      0%         2d3       100%        4
 Yara's Violent Unravell  Hex/Tmut       0%         3d3       100%        5
 Enfeeble                 Hex            0%         N/A       100%        7
 Borgnjor's Revivificati  Necr           0%         N/A       100%        8
 Necromutation            Tmut/Necr      0%         N/A       100%        8
 Death's Door             Necr           0%         N/A       100%        9


Dungeon Overview and Level Annotations

Branches:
Dungeon (5/15)
 Temple: D:4-7

Altars:
Kikubaaqudgha
Sif Muna

Shops:
D:2 =   D:4 *


Innate Abilities, Weirdness & Mutations

You have a pair of horns on your head.
You reflexively headbutt those who attack you in melee.


Message History

You climb downwards.
You feel sick.
There is a stone staircase leading up here.
You start resting.
You feel sick. x6
You are no longer poisoned.
You start resting.
You feel a little less mighty now.
You start resting.
A gnoll comes into view.
It is wielding a +3 halberd of venom and wearing a +1 ring mail of poison resistance.
A gnoll is nearby!
Sorry, you're not good enough to have a special ability.
Unknown command. 2 gnolls come into view.
The gnoll shouts! x2; You hear a shout! x2
The gnoll hits you with a +3 halberd of venom!
A gnoll comes into view. It is wielding a +0 club.
The gnoll hits you but does no damage.
You hear a shout! x4
Things that are here:
a +0 whip; an orc skeleton You closely miss the gnoll.
The gnoll hits you with a +3 halberd of venom.
You are poisoned.
The gnoll hits you from afar with a +0 halberd!
The gnoll hits you with a +3 halberd of venom.
Unknown command.
You barely miss the gnoll.
You feel sick. The gnoll barely misses you.
The gnoll hits you with a +3 halberd of venom.
You are more poisoned.
Unknown command.
You feel very sick.
The gnoll hits you from afar with a +3 halberd of venom.
* * * LOW HITPOINT WARNING * * *
You are lethally poisoned!
There is a stone staircase leading up here.
* * * LOW HITPOINT WARNING * * *
You feel very sick. The gnoll hits you but does no damage.
You are more poisoned.
You climb upwards.
You die...

#######.######..##...#....#
..........#.....#....+....#
..........'.....#....#....#
########'###....######....#
#..........##+###.........#
#.........................#
#.....................#####
#.....................#
'..............J@######
#...............)#
......#####......#
.##'###...#......#
.#....#...#......#
.'....#...#......#
.######...#......'.....J
###.[##...#......#..@###
..#..##...###....#...#


You could see a jelly.

Vanquished Creatures
  Edmund (D:4)
  An ogre (D:4)
  A water moccasin skeleton (D:4)
  2 hounds (D:4)
  An iguana (D:5)
  2 orc wizards
  A hound skeleton (D:4)
  4 gnolls
  3 adders
  An adder skeleton (D:4)
  2 worms
  3 dart slugs
  9 orcs
  5 ball pythons
  4 endoplasms
  A hobgoblin (D:1)
  11 jackals
  2 quokkas (D:2)
  9 bats
  4 frilled lizards
  8 goblins
  13 kobolds
  6 rats
94 creatures vanquished.

Vanquished Creatures (others)
  10 plants
10 creatures vanquished.

Grand Total: 104 creatures vanquished

Notes
Turn   | Place    | Note
-------+----------+-------------------------------------------
     0 | D:1      | Peloso the Minotaur Fighter began the quest for the Orb.
     0 | D:1      | Reached XP level 1. HP: 19/19 MP: 0/0
   187 | D:1      | You fall into a shaft and drop 1 floor!
   248 | D:2      | Reached XP level 2. HP: 21/27 MP: 1/1
   367 | D:2      | Found Tudgh's Jewellery Boutique.
   719 | D:2      | Reached XP level 3. HP: 33/33 MP: 2/2
  1554 | D:1      | Found a faded altar of an unknown god.
  1783 | D:2      | Reached XP level 4. HP: 34/41 MP: 3/3
  2198 | D:3      | Found a shimmering blue altar of Sif Muna.
  2200 | D:3      | Reached XP level 5. HP: 41/47 MP: 4/4
  2609 | D:4      | Found an ancient bone altar of Kikubaaqudgha.
  2764 | D:4      | Found Jiav's Assorted Antiques.
  2770 | D:4      | Bought a scroll labelled RAEJEIT XODYU for 22 gold pieces
  2770 | D:4      | Bought a scroll labelled QOHOWK LYAZOIL for 22 gold pieces
  2770 | D:4      | Bought a scroll labelled QOHOWK LYAZOIL for 22 gold pieces
  2770 | D:4      | Bought a metallic black potion for 19 gold pieces
  2770 | D:4      | Bought a scroll labelled YZXODYNK WISUMM for 22 gold pieces
  3016 | D:4      | Reached skill level 5 in Armour
  3207 | D:4      | Reached skill level 5 in Shields
  3207 | D:4      | Reached XP level 6. HP: 45/55 MP: 5/5
  3236 | D:4      | Reached skill level 5 in Long Blades
  3236 | D:4      | Reached skill level 1 in Dodging
  3389 | D:4      | Reached skill level 5 in Fighting
  3480 | D:4      | Noticed Edmund
  3487 | D:5      | Entered Level 5 of the Dungeon
  3681 | D:4      | Killed Edmund
  3681 | D:4      | HP: 1/56 [poisoned by Edmund]
  3682 | D:4      | Reached XP level 7. HP: 1/61 MP: 6/6
  3892 | D:4      | Succumbed to a gnoll's poison

Illustrated notes

Levels and vault maps discovered:
D:1:      dpeg_arrival_castle, layout_basic,
          shapermc_ecumenical_altar_mp_urbaneastern
D:2:      wad_pebble_path, layout_basic, serial_shops, nicolae_shop_statue_plus,
          lexackson_kobold_supper
D:3:      kennysheep_big_flooded_room, layout_rooms, kennysheep_orc_sif_temple
D:4:      layout_gridville, overflow_temple_1_default, serial_shops, shop,
          uniq_edmund
D:5:      layout_rooms, minmay_temple_entry_junction, minmay_manual_monolith,
          uniq_pikel

Skill      XL: |  1  2  3  4  5  6 |
---------------+-------------------+-----
Armour         | 4 5 |  5.6
Fighting       | 4 5 |  5.2
Shields        | 4 5 |  5.4
Long Blades    | 3 4 5 |  5.7
Dodging        | 1 |  1.4
Stealth        | |  0.1

Action                   |  1- 3 |  4- 6 |  7- 9 || total
-------------------------+-------+-------+-------++-------
Melee: Long sword        |   102 |   133 |     2 ||   237
       Headbutt          |    17 |    20 |       ||    37
  Use: Potion            |       |     3 |     1 ||     4
Armor: Scale mail        |    58 |    19 |       ||    77
       Chain mail        |       |    58 |     2 ||    60
Dodge: Dodged            |    64 |    56 |     1 ||   121
Block: Buckler           |    29 |    43 |       ||    72
